 Dungeon Crawl Stone Soup version 0.29-a0-451-gfbfa42419e (webtiles) character file.

Game seed: 4354145932435144317

394 marklar909 the Chopper (level 6, -7/51 HPs)
             Began as a Palentonga Berserker on May 20, 2022.
             Was a Believer of Trog.
             Killed by divine providence
             ... invoked by an orc priest
              (13 damage)
             ... on level 4 of the Dungeon.
             The game lasted 00:07:50 (3834 turns).

marklar909 the Chopper (Palentonga Berserker)       Turns: 3834, Time: 00:07:51

Health: -7/51      AC:  4    Str: 22    XL:     6   Next: 51%
Magic:  6/6        EV: 10    Int:  8    God:    Trog [**....]
Gold:   71         SH:  0    Dex:  9    Spells: 5/5 levels left

rFire   . . .      SeeInvis +   a - +0 hand axe
rCold   . . .      Faith    .   (no shield)
rNeg    . . .      Spirit   .   b - +0 animal skin
rPois   .          Reflect  .   (no helmet)
rElec   .          Harm     .   (no cloak)
rCorr   .          Rampage  .   (no gloves)
Will    .....                   (no barding)
Stlth   +.........              (no amulet)
HPRegen 0.17/turn               (no ring)
MPRegen 0.10/turn               (no ring)

@: no status effects
A: large, rugged brown scales 3, see invisible, deformed body, roll 1, armoured
tail
a: Rolling Charge, Renounce Religion, Berserk, Trog's Hand


You were on level 4 of the Dungeon.
You worshipped Trog.
Trog was pleased with you.
You visited 1 branch of the dungeon, and saw 4 of its levels.

You collected 131 gold pieces.
You spent 60 gold pieces at shops.

Inventory:

Hand Weapons
 a - a +0 hand axe (weapon)
Armour
 b - a +0 animal skin (worn)
Wands
 h - a wand of iceblast (13)
 k - a wand of paralysis (9)
Scrolls
 c - 2 scrolls of magic mapping
 d - 4 scrolls of teleportation
 f - a scroll of fear
 g - a scroll of fog
 j - a scroll of torment
Potions
 e - a potion of lignification
 i - a potion of curing


   Skills:
 * Level 4.3 Fighting
 + Level 5.7 Axes
 * Level 1.9 Armour
 + Level 2.8 Dodging
 + Level 0.8 Stealth


You had 5 spell levels left.
You didn't know any spells.
Your spell library was empty.

Dungeon Overview and Level Annotations

Branches:
Dungeon (4/15)
 Temple: D:4-7

Altars:
Hepliaklqana

Shops:
D:1 :   D:4 *


Innate Abilities, Weirdness & Mutations

You are completely covered in rugged brown scales. (AC +3, +7% HP)
You have supernaturally acute eyesight. (SInv)
Armour fits poorly on your strangely shaped body.
You can roll at nearby foes to attack.
You have a long armoured tail.


Message History

The orc hits you but does no damage.
You closely miss the orc. You tail-slap the orc!
You kill the orc!
Trog accepts your kill.
The orc hits you from afar with a +0 trident.
Your skin crawls.
You feel strong-willed.
An orc comes into view. It is wielding a +0 club.
The orc hits you from afar with a +0 trident.
The orc closely misses you.
Things that are here:
a +0 short sword; a +0 leather armour; an orc corpse The orc shouts!
You hit the orc but do no damage. The orc barely misses you.
You barely miss the orc. The orc hits you with a +0 trident!
You barely miss the orc. The orc hits you with a +0 trident.
You barely miss the orc. The orc hits you with a +0 trident.
You are too injured to fight recklessly!
You are too injured to fight recklessly!
You are too injured to fight recklessly!
You hit the orc. You punch the orc, but do no damage.
The orc is severely wounded.
The orc hits you with a +0 trident.
You barely miss the orc.
Your tail-slap misses the orc.
The orc is severely wounded.
The orc hits you with a +0 trident!
You hit the orc but do no damage.
The orc is severely wounded.
You feel the effects of Trog's Hand fading.
The orc hits you with a +0 trident.
* * * LOW HITPOINT WARNING * * *
The orc hits you from afar with a +0 trident.
* * * LOW HITPOINT WARNING * * *
The orc priest mumbles some strange prayers to Beogh against you.
Beogh smites you!
* * * LOW HITPOINT WARNING * * *
Your skin stops crawling.
You feel less strong-willed.
The orc priest calls down the wrath of Beogh upon you.
Beogh smites you!
You die...

..>.......†..........#
##.####...####.#.###.############
.^........).....................
..###########.#.###.#####.######
#.......# #.# #.......# #.#
#.......# #.# #.#.###.##
##.###### #.#@# #..# #........
#.#.###..###..######
#.#o#......#..######
#.#.#..#.#......(.
#o#.#....#...#####
#.#.#....#.†<.....
#)#.###.###.######
#o#...............
#o#####.###.######


You could see an orc priest and 2 orcs.

Vanquished Creatures
  Sigmund (D:3)
  Ijyb (D:3)
  An orc wizard (D:4)
  Robin (D:3)
  4 gnolls (D:3)
  3 adders
  2 worms (D:3)
  3 dart slugs
  6 orcs
  3 giant cockroaches
  12 goblins
  10 hobgoblins
  15 jackals
  2 quokkas
  6 ball pythons
  8 bats (D:1)
  5 frilled lizards
  4 kobolds
  2 rats
  A spectral hobgoblin (D:1)
90 creatures vanquished.

Vanquished Creatures (others)
  6 plants (D:1)
6 creatures vanquished.

Grand Total: 96 creatures vanquished

Notes
Turn   | Place    | Note
-------+----------+-------------------------------------------
     0 | D:1      | marklar909 the Palentonga Berserker began the quest for the
                  | Orb.
     0 | D:1      | Reached XP level 1. HP: 19/19 MP: 1/1
    35 | D:1      | Reached XP level 2. HP: 6/25 MP: 2/2
    37 | D:1      | HP: 1/37 [frilled lizard (3)]
   445 | D:1      | Found Mall's Book Shoppe.
   797 | D:1      | Reached XP level 3. HP: 30/31 MP: 3/3
   963 | D:1      | Found a faded altar of an unknown god.
  1266 | D:2      | Found a hazy altar of Hepliaklqana.
  1320 | D:2      | Reached ** piety under Trog
  1746 | D:2      | Reached skill level 4 in Axes
  1752 | D:2      | Reached XP level 4. HP: 39/39 MP: 4/4
  2012 | D:3      | Noticed Sigmund
  2475 | D:3      | Killed Sigmund
  2476 | D:3      | Reached skill level 5 in Axes
  2476 | D:3      | Reached XP level 5. HP: 44/44 MP: 5/5
  2637 | D:3      | Noticed Ijyb
  2647 | D:3      | Killed Ijyb
  2648 | D:3      | Reached XP level 6. HP: 51/51 MP: 6/6
  3440 | D:3      | Noticed Robin
  3452 | D:3      | Killed Robin
  3500 | D:4      | Found Lent's General Store.
  3516 | D:4      | Bought a potion of curing for 30 gold pieces
  3516 | D:4      | Bought a scroll of teleportation for 30 gold pieces
  3834 | D:4      | Killed from afar by an orc priest

Illustrated notes

Levels and vault maps discovered:
D:1:      eino_arrival_tree_alley, layout_basic,
          dreamdust_ecumenical_altar_drowned_temple, serial_shops, shop
D:2:      layout_basic, basic_altar
D:3:      wad_pebble_path, layout_basic, uniq_robin, uniq_ijyb, uniq_sigmund
D:4:      layout_basic, serial_shops, nicolae_shop_bloodbath_and_beyond,
          serial_park_tiny_1, nicolae_stop_n_shop_2

Skill      XL: |  1  2  3  4 |
---------------+-------------+-----
Axes           | 4 5 |  5.7
Fighting       | 4 |  4.3
Dodging        | 2 |  2.8
Armour         | |  1.9
Stealth        | |  0.8

Action                   |  1- 3 |  4- 6 || total
-------------------------+-------+-------++-------
Melee: Hand axe          |    99 |   116 ||   215
       Tailslap          |    13 |    14 ||    27
       Punch             |     1 |     2 ||     3
Invok: Berserk           |     3 |     5 ||     8
       Trog's Hand       |       |     2 ||     2
 Abil: Rolling Charge    |       |     1 ||     1
  Use: Scroll            |     5 |     2 ||     7
 Stab: Sleeping          |       |     1 ||     1
Armor: Animal skin       |    49 |    20 ||    69
Dodge: Dodged            |    57 |    38 ||    95

Table legend: (Time is in decaauts)
 A = Elapsed time spent in this place.
 B = Non-inter-level travel time spent in this place.
 C = Inter-level travel time spent in this place.
 D = Time resting spent in this place.
 E = Time spent auto-exploring this place.
 F = Levels seen in this place.
 G = Mean time per level.
                   A        B        C        D        E       F      G
               +--------+--------+--------+--------+--------+-----+--------+
         Total |   3918 |   3791 |    127 |   1548 |   1734 |   4 |  979.5 |
       Dungeon |   3918 |   3791 |    127 |   1548 |   1734 |   4 |  979.5 |
               +--------+--------+--------+--------+--------+-----+--------+

Top non-repeatable levels by time:
     D:1: 1275 daAuts
     D:2: 1249 daAuts
     D:3: 1058 daAuts
     D:4: 334 daAuts
